 Dungeon Crawl Stone Soup version 0.31-a0-765-g67fe2935dc (console) character file.

Game seed: 14139629861712019053

1521147 questionabletactics the Pulveriser (level 27, 222/222 HPs)
             Began as a Gnoll Wanderer on Sept 14, 2023.
             Was the Champion of Vehumet.
             Escaped with the Orb
             ... and 3 runes on Sept 15, 2023!
             The game lasted 05:42:29 (91056 turns).

questionabletactics the Pulveriser (GnWn)          Turns: 91056, Time: 05:42:29

Health: 222/222    AC: 25    Str: 15    XL:     27
Magic:  50/50      EV: 32    Int: 24    God:    Vehumet [******]
Gold:   6288       SH: 23    Dex: 26    Spells: 11/65 levels left

rFire   + + +        b - +9 staff of Olgreb {rPois∞}
rCold   . . .        h - +0 kite shield
rNeg    . . .        X - +2 swamp dragon scales "Vucabiaw" {rPois Dex+4}
rPois   ∞            p - +2 hat {Int+3}
rElec   +            Q - scarf {rC+ rF+}
rCorr   .            o - +1 pair of gloves "Ytenn" {Will+ Str+3 Int+3}
SInv    .            y - +2 pair of boots
Will    +++..        x - amulet of reflection
Stlth   +++          K - ring of Tig Eho {EV+5 Dex+5}
HPRegen 0.57/turn    q - ring of Koseth {rElec rF++ MP+9 Slay-6}
MPRegen 0.32/turn

%: reflection
@: studying 3 skills
A: fangs 1, strong nose, distributed training, hooves 1, clumsy 1, low MP 1,
passive freeze, shaggy fur 2, cold vulnerability 1, MP-powered wands
0: Orb of Zot
}: 3/15 runes: barnacled, silver, gossamer
a: Renounce Religion, Evoke the Staff of Olgreb


You escaped.
You worshipped Vehumet.
Vehumet was exalted by your worship.
You visited 10 branches of the dungeon, and saw 50 of its levels.
You visited the Abyss 1 time.
You visited 2 bazaars.
You also visited: Gauntlet, Volcano, Wizlab and Desolation.

You collected 9743 gold pieces.
You spent 3455 gold pieces at shops.

Inventory:

Hand Weapons
 a - a +9 demon trident of electrocution
 b - the +9 staff of Olgreb (weapon) {rPois∞}
   (You took it off a deep elf high priest on level 3 of the Elven Halls)

   Radiate:   It can be activated via the 'a'bility menu to radiate toxic
   energy, with effectiveness depending on Evocations skill.
   Pois:      It enhances your poison magic.
   rPois∞: It grants immunity to poison.
 L - the +6 Majin-Bo {spellvamp, MP+6 Int+6}
   (You found it on level 3 of the Crypt)

   Int+6:     It affects your intelligence (+6).
   MP+6:      It affects your magic capacity (+6).
Missiles
 v - a throwing net
 H - 5 curare-tipped darts
Armour
 h - a +0 kite shield (worn)
 o - the +1 pair of gloves "Ytenn" (worn) {Will+ Str+3 Int+3}
   (You found it in the Desolation of Salt)

   Str+3:     It affects your strength (+3).
   Int+3:     It affects your intelligence (+3).
   Will+:     It increases your willpower.
 p - a +2 hat of intelligence (worn)
 r - a +2 cloak of preservation
 y - a +2 pair of boots (worn)
 Q - a scarf of resistance (worn)
 X - the +2 swamp dragon scales "Vucabiaw" (worn) {rPois Dex+4}
   (You took it off a deep elf master archer on level 3 of the Elven Halls)

   Dex+4:     It affects your dexterity (+4).
   rPois:     It protects you from poison
Jewellery
 g - a ring of see invisible
 k - the ring of the Duke {Fly rPois Dex+2}
   (You took it off a ragged hierophant in the Desolation of Salt)

   [ring of poison resistance]

   Dex+2:     It affects your dexterity (+2).
   rPois:     It protects you from poison Fly: It grants you flight.
 q - the ring of Koseth (right hand) {rElec rF++ MP+9 Slay-6}
   (You took it off an imperial myrmidon in the Desolation of Salt)

   [ring of magical power]

   Slay-6:    It affects your accuracy & damage with ranged weapons and melee
   (-6).
   rF++:      It greatly protects you from fire.
   rElec:     It insulates you from electricity.
   MP+9:      It affects your magic capacity (+9).
 x - an amulet of reflection (around neck)
 A - a ring of protection from cold
 J - a ring of wizardry
 K - the ring of Tig Eho (left hand) {EV+5 Dex+5}
   (You took it off a deep elf demonologist on level 3 of the Elven Halls)

   [ring of evasion]

   EV+5:      It affects your evasion (+5).
   Dex+5:     It affects your dexterity (+5).
 M - a +6 ring of dexterity
 Y - the ring "Bissezee" {rN+ Will+}
   (You found it on level 5 of the Lair of Beasts)

   [ring of positive energy]

   rN+:       It protects you from negative energy.
   Will+:     It increases your willpower.
Wands
 d - a wand of digging (18)
 u - a wand of polymorph (26)
 D - a wand of paralysis (90)
 E - a wand of flame (129)
 F - a wand of mindburst (41)
 I - a wand of roots (49)
Scrolls
 c - 5 scrolls of teleportation
 i - 5 scrolls of vulnerability
 G - 2 scrolls of fear
 N - 5 scrolls of poison
 O - 2 scrolls of summoning
 P - 3 scrolls of blinking
 T - 5 scrolls of fog
Potions
 f - 4 potions of haste
 l - 11 potions of enlightenment
 n - 14 potions of curing
 s - 9 potions of brilliance
 t - 5 potions of magic
 B - 7 potions of resistance
 C - 9 potions of might
 S - 3 potions of mutation
 U - 5 potions of cancellation
 V - 4 potions of ambrosia
Miscellaneous
 e - a sack of spiders
 j - a phantom mirror
 W - a lightning rod (4/4)


   Skills:
 + Level 19.5 Fighting
 + Level 19.3 Short Blades
 + Level 19.3 Long Blades
 + Level 19.3 Axes
 + Level 19.3 Maces & Flails
 + Level 19.8 Polearms
 + Level 25.5 Staves
 + Level 19.3 Ranged Weapons
 + Level 19.5 Throwing
 + Level 19.3 Armour
 + Level 19.3 Dodging
 + Level 24.2 Stealth
 + Level 19.8 Shields
 + Level 19.3 Unarmed Combat
 + Level 19.5 Spellcasting
 + Level 16.5 Conjurations
 + Level 16.5 Hexes
 + Level 16.5 Summonings
 + Level 16.5 Necromancy
 + Level 16.5 Translocations
 + Level 16.5 Transmutations
 + Level 17.8 Fire Magic
 + Level 16.5 Ice Magic
 + Level 16.5 Air Magic
 + Level 16.5 Earth Magic
 + Level 16.5 Poison Magic
 + Level 20.9 Invocations
 + Level 19.3 Evocations
 + Level 17.9 Shapeshifting


You had 11 spell levels left.
You knew the following spells:

 Your Spells              Type           Power      Damage    Failure   Level
a - Yara's Violent Unrav  Hex/Tmut       40%        3d16      1%          5
b - Ignite Poison         Fire/Tmut/Pois 100%       N/A       0%          3
c - Sticky Flame          Conj/Fire      82%        2d9       1%          4
d - Summon Cactus Giant   Summ           40%        N/A       1%          6
e - Freezing Cloud        Conj/Ice/Air   40%        6-21      1%          5
f - Plasma Beam           Fire/Air       41%        2x1d55    1%          6
g - Dispel Undead         Necr           80%        3d26      1%          4
h - Fireball              Conj/Fire      41%        3d17      1%          5
i - Spellforged Servitor  Conj/Summ      40%        N/A       1%          7
j - Blink                 Tloc           100%       N/A       0%          2
k - Malign Gateway        Summ/Tloc      40%        N/A       3%          7

Your spell library contained the following spells:

 Spells                   Type           Power      Damage    Failure   Level
 Apportation              Tloc           100%       N/A       0%          1
 Foxfire                  Conj/Fire      100%       2x1d9     0%          1
 Freeze                   Ice            100%       1d10      0%          1
 Kiss of Death            Conj/Necr      100%       2d13      0%          1
 Magic Dart               Conj           100%       1d8       0%          1
 Necrotise                Necr           100%       1d9       0%          1
 Sandblast                Erth           100%       2d20      0%          1
 Shock                    Conj/Air       100%       1d9       0%          1
 Sting                    Tmut/Pois      100%       1d8       0%          1
 Summon Small Mammal      Summ           100%       N/A       0%          1
 Call Imp                 Summ           100%       N/A       0%          2
 Cigotuvi's Dreadful Rot  Necr/Pois/Air  100%       N/A       0%          2
 Jinxbite                 Hex            100%       N/A       0%          2
 Lesser Beckoning         Tloc           100%       N/A       0%          2
 Momentum Strike          Conj/Tloc      100%       3d10      0%          2
 Passwall                 Tmut/Erth      66%        N/A       0%          2
 Poisonous Vapours        Pois/Air       100%       N/A       0%          2
 Scorch                   Fire           100%       2d9       0%          2
 Static Discharge         Conj/Air       100%       2-7/arc   0%          2
 Confusing Touch          Hex            80%        N/A       0%          3
 Frozen Ramparts          Ice            100%       1d16      0%          3
 Gell's Gravitas          Tloc           80%        N/A       0%          3
 Hailstorm                Conj/Ice       80%        3d16      0%          3
 Inner Flame              Hex/Fire       82%        N/A       0%          3
 Mephitic Cloud           Conj/Pois/Air  100%       N/A       0%          3
 Ozocubu's Armour         Ice            80%        N/A       0%          3
 Stone Arrow              Conj/Erth      100%       3d13      0%          3
 Swiftness                Air            80%        N/A       0%          3
 Teleport Other           Tloc           80%        N/A       0%          3
 Tukima's Dance           Hex            80%        N/A       0%          3
 Vampiric Draining        Necr           80%        2d11      0%          3
 Volatile Blastmotes      Fire/Tloc      100%       2d18      0%          3
 Airstrike                Air            40%        2d(6-22)  1%          4
 Animate Armour           Summ/Erth      100%       N/A       1%          4
 Animate Dead             Necr           80%        N/A       1%          4
 Flame Wave               Conj/Fire      82%        2d18      1%          4
 Leda's Liquefaction      Hex/Erth       40%        N/A       1%          4
 Manifold Assault         Tloc           80%        N/A       1%          4
 Olgreb's Toxic Radiance  Pois           100%       N/A       1%          4
 Passage of Golubria      Tloc           80%        N/A       1%          4
 Summon Ice Beast         Ice/Summ       80%        N/A       1%          4
 Summon Lightning Spire   Summ/Air       80%        N/A       1%          4
 Vhi's Electric Charge    Tloc/Air       100%       N/A       1%          4
 Agony                    Necr           80%        N/A       1%          5
 Alistair's Intoxication  Tmut/Pois      67%        N/A       1%          5
 Arcjolt                  Conj/Air       40%        1d50      1%          5
 Borgnjor's Vile Clutch   Necr/Erth      40%        N/A       1%          5
 Iskenderun's Battlesphe  Conj           80%        2d13      1%          5
 Lee's Rapid Deconstruct  Erth           40%        3d20*     1%          5
 Silence                  Hex/Air        40%        N/A       1%          5
 Death Channel            Necr           40%        N/A       1%          6
 Dispersal                Tloc           40%        N/A       1%          6
 Eringya's Noxious Bog    Tmut/Pois      50%        4d6       1%          6
 Leda's Unmaking          Conj/Erth      40%        9d7       1%          6
 Simulacrum               Ice/Necr       40%        N/A       1%          6
 Starburst                Conj/Fire      41%        6d12      1%          6
 Ozocubu's Refrigeration  Ice            40%        4d16      1%          7
 Haunt                    Necr/Summ      40%        N/A       3%          7
 Ignition                 Fire           41%        3d12      5%          8
 Lehudib's Crystal Spear  Conj/Erth      40%        10d10     9%          8
 Maxwell's Capacitive Co  Air            40%        ∞         9%          8
 Discord                  Hex            40%        N/A       30%         8
 Disjunction              Tloc           40%        N/A       30%         8
 Infestation              Necr           40%        N/A       30%         8
 Summon Horrible Things   Summ           40%        N/A       30%         8
 Fire Storm               Conj/Fire      41%        8d10      63%         9
 Polar Vortex             Ice            40%        12d5*     71%         9


Dungeon Overview and Level Annotations

Branches:
Dungeon (15/15)            Temple (0/1) D:5            Lair (5/5) D:11
 Shoals (4/4) Lair:2       Spider (4/4) Lair:3          Orc (2/2) D:12
    Elf (3/3) Orc:2        Vaults (5/5) D:13          Crypt (3/3) Vaults:3
   Tomb (0/3) Crypt:3      Depths (4/4) D:15            Zot (5/5) Depths:4
Volcano (visited)          WizLab (visited)         Desolation (visited)
Gauntlet (visited)
  Slime: Lair:4-5

Altars:
Cheibriados
Dithmenos
Elyvilon
Gozag
Hepliaklqana
Kikubaaqudgha
Okawaru
Qazlal
Ru
Sif Muna
Vehumet
Wu Jian
Yredelemnul
Zin
The Shining One
Jiyva

Shops:
D:4 =   D:6 [   D:13 =   D:15 *   Orc:2 [:=*   Elf:1 :   Vaults:3 =
Depths:1 [*!(

Portals:
Hell: Depths:1 Depths:2 Depths:3 Depths:4
Abyss: D:12 Depths:1 Depths:3
Pandemonium: Depths:1 Depths:2 Depths:3
Ziggurat: Depths:4

Annotations:
D:7 Joseph
D:12 2 transporters, iamoutofideas's ghost, journeyman HOBe
Lair:4 exclusion: 2 oklob plants
Shoals:1 exclusions: merfolk siren and wind drake, Nikola
Shoals:3 Bai Suzhen
Elf:2 3 runed translucent doors
Zot:1 2 transporters
Zot:4 4 exclusions


Innate Abilities, Weirdness & Mutations

You have very sharp teeth.
Your uncanny sense of smell can sniff out nearby items.
Your experience applies equally to all skills.
You have large cloven feet.
You are clumsy. (Dex -2)
Your magical capacity is low. (-10% MP)
A frigid envelope surrounds you and freezes all who hurt you.
You are covered in thick fur. (AC +2)
You are vulnerable to cold. (rC-)
You expend magic power (3 MP) to strengthen your wands.


Message History

Aiming: Dig
Press: ? - help, Shift-Dir - straight line, f - you Please select a direction to dig.
This square is covered in magical glow.
You feel a surge of power!
The rock shatters into small pieces.
Aiming: Dig
Press: ? - help, Shift-Dir - straight line, f - you Please select a direction to dig.
This square is covered in magical glow.
You feel a surge of power!
The rock shatters into small pieces.
A smoke demon comes into view.
Aiming: Dig
Press: ? - help, Shift-Dir - straight line A rock wall.
This square is covered in magical glow.
You feel a surge of power!
The rock shatters into small pieces.
You hit the smoke demon.
You envenom the smoke demon!
The smoke demon is poisoned.
The smoke demon is moderately wounded.
You hit the smoke demon.
You envenom the smoke demon!
The smoke demon looks even sicker.
The smoke demon is almost dead.
You kill the smoke demon!
Vehumet accepts your kill.
You feel your power returning.
You see here a +0 spear.
Aiming: Dig
Press: ? - help, Shift-Dir - straight line, f - you Please select a direction to dig.
This square is covered in magical glow.
You feel a surge of power!
The rock shatters into small pieces.
Aiming: Dig
Press: ? - help, Shift-Dir - straight line, f - you Please select a direction to dig.
This square is covered in magical glow.
You feel a surge of power!
The rock shatters into small pieces.
There is an open door here.
There is a staircase leading out of the dungeon here.
You see here a +0 dagger.
You have escaped!

....................###.#..#
.##.#####.###.#.......#.#.##
.##.# #.# #.#.8.#.8.#.#.#
###.# #.# #.....#.....#.#
#.# #.# #....###....#†# #.#
#.# ####..#..####.# #.# #.#
#..'.....'..#.# ###.# #.#
#..###'###..#.# †...# #.#
#.(#@....#..#.# #####
#.###############.#
#.................#
#############.##### #.# ###


There were no monsters in sight!

Vanquished Creatures
  3 dread liches
  An orb of fire (Zot:5)
  Mara (Depths:2)
  2 ancient liches
  A Killer Klown (Zot:5)
  3 curse toes
  Frederick (Crypt:3)
  6 golden dragons
  Jory (Vaults:3)
  Norris (Vaults:1)
  A profane servitor (Crypt:3)
  2 doom hounds (Depths:3)
  5 bone dragons (Zot:1)
  The ghost of Micliseo the Warrior, an adept GrFi of Cheibriados (Crypt:2)
  An electric golem (Zot:2)
  8 tentacled monstrosities
  A Hell Sentinel (Zot:5)
  8 liches
  2 deep elf master archers (Elf:3)
  Mlioglotl (Shoals:3)
  3 deep elf blademasters
  4 titans
  18 Orb Guardians
  7 quicksilver dragons
  6 sphinxes
  9 death cobs
  9 ancient champions
  2 tentacled starspawn (Abyss:4)
  7 tengu reavers
  11 draconian monks
  13 shadow dragons
  8 storm dragons
  Agnes (D:14)
  Kirke (D:14)
  Ilsuiw (Shoals:2)
  6 revenants
  4 deep elf sorcerers
  10 fire giants
  2 iron dragons
  20 vault wardens
  9 draconian knights
  6 frost giants
  A caustic shrike zombie (Crypt:2)
  7 draconian shifters
  An imperial myrmidon (Desolation)
  Louise (Elf:1)
  4 deep elf elementalists (Elf:3)
  5 emperor scorpions
  2 balrugs
  4 draconian scorchers
  8 ghost moths
  3 curse skulls (Zot:1)
  2 angels (Elf:2)
  A broodmother (Spider:1)
  14 very ugly things
  10 ghouls
  19 stone giants
  A cacodemon (D:7)
  A formless jellyfish (Vaults:3)
  A spriggan defender (Depths:3)
  3 draconian stormcallers
  9 draconian annihilators
  3 orc warlords
  23 ironbound preservers
  3 war gargoyles
  11 ironbound thunderhulks
  7 deep elf demonologists
  9 green draconians
  7 vampire knights
  17 black draconians
  7 deep elf annihilators
  12 yellow draconians
  A halazid warlock (Desolation)
  15 red draconians
  15 dire elephants
  An eleionoma (shapeshifter) (Vaults:3)
  6 spark wasps
  8 purple draconians
  19 white draconians
  A minotaur (Gauntlet)
  Snorg (D:14)
  A green death (Depths:2)
  A crystal guardian (Vaults:4)
  3 mummy priests (Crypt:3)
  9 merfolk javelineers
  7 merfolk impalers
  Josephine (Lair:2)
  10 ettins
  3 eidola
  7 deep elf death magi
  8 jiangshi
  11 yaktaur captains
  5 entropy weavers
  A spriggan zombie (Crypt:3)
  9 fire dragons
  3 ragged hierophants (Desolation)
  8 rakshasas
  4 great orbs of eyes
  3 deep elf high priests
  9 ice dragons
  4 servants of whispers (Desolation)
  3 hydras
  2 peacekeepers (Vaults:4)
  41 vault guards
  2 spriggan air magi
  2 jorogumos
  A merfolk aquamancer (Shoals:4)
  4 boulder beetles
  4 ironbound frosthearts
  13 centaur warriors
  A radroach (shapeshifter) (Vaults:1)
  A radroach (Spider:1)
  A catoblepas (Vaults:3)
  6 death knights
  3 merfolk avatars
  2 ogre magi
  A sphinx zombie (Vaults:4)
  3 satyrs
  9 tengu warriors
  6 two-headed ogres
  A death yak (Lair:5)
  A sphinx skeleton (Vaults:4)
  5 deep troll earth magi
  A bennu skeleton (Crypt:1)
  3 deep troll shamans
  3 vampire magi
  3 orc high priests
  An azure jelly zombie (Crypt:1)
  3 thrashing horrors (Abyss:4)
  12 dancing weapons
  2 spriggan berserkers
  A hell knight (Volcano)
  3 demonic crawlers
  8 iron trolls
  3 soul eaters
  4 sun demons
  18 skeletal warriors
  11 deep elf knights
  6 skysharks
  8 pharaoh ants
  A wretched star (Abyss:3)
  A spectral anaconda (Lair:5)
  A spectral death yak (Lair:5)
  A goliath frog (shapeshifter) (Vaults:3)
  6 shadow wraiths
  A shadow demon (D:1)
  2 sixfirhies (Gauntlet)
  70 deep trolls
  A sun moth (Spider:1)
  7 sea snakes
  An anaconda zombie (Crypt:3)
  An orange crystal statue (Vaults:4)
  A ghost moth zombie (Crypt:3)
  A spriggan simulacrum (Crypt:3)
  An orb spider (shapeshifter) (D:13)
  16 orb spiders
  19 lindwurms
  A swamp dragon (Vaults:2)
  6 flayed ghosts
  4 glowing orange brains
  9 phantasmal warriors
  A bog body (Crypt:2)
  5 steelbarb worms
  10 deep elf archers
  34 deep elf pyromancers
  19 deep elf zephyrmancers
  5 wizards
  An obsidian statue (Lair:5)
  10 orc knights
  15 ironbound convokers
  An alligator zombie (Crypt:1)
  8 starcursed masses (Abyss:4)
  18 harpies
  19 necromancers
  A frost giant zombie (Vaults:2)
  36 ugly things
  A wolf spider (shapeshifter) (Vaults:5)
  A shining eye (shapeshifter) (Vaults:5)
  17 fauns
  A shining eye (Zot:1)
  12 wolf spiders
  2 salamanders
  An oklob plant (Shoals:4)
  3 nameless horrors
  10 manticores
  An iron dragon zombie (Crypt:3)
  A toenail golem (Zot:1)
  9 orc sorcerers
  4 elephants (Lair:5)
  34 moths of wrath
  5 cyclopes
  7 merfolk sirens
  A black mamba (Lair:5)
  A titan simulacrum (Vaults:4)
  4 large abominations
  21 vault sentinels
  A centaur zombie (D:14)
  5 torpor snails
  4 water nymphs
  5 guardian serpents
  2 rust devils
  A black mamba (shapeshifter) (Vaults:3)
  An eye of devastation (Vaults:1)
  A fire giant skeleton (Vaults:4)
  4 smoke demons
  A dire elephant zombie (Lair:5)
  15 cane toads
  A molten gargoyle (Desolation)
  An alligator snapping turtle zombie (Crypt:3)
  Jeremiah (D:7)
  An unseen horror (D:7)
  25 yaktaurs
  A gargoyle (D:12)
  A komodo dragon (shapeshifter) (Vaults:5)
  9 freezing wraiths
  7 rime drakes
  3 komodo dragons
  2 ice devils (Depths:2)
  9 guardian mummies (Crypt:3)
  An unseen horror skeleton (Crypt:3)
  4 ancient zymes
  6 wind drakes
  9 meliai
  6 trolls
  5 polar bears
  26 merfolk
  Grinder (D:5)
  8 hornets
  29 saltlings (Desolation)
  36 tarantellas
  A fire dragon zombie (Crypt:1)
  14 snapping turtles
  9 dream sheep
  A spectral elephant (Lair:5)
  28 blink frogs
  31 jumping spiders
  A black mamba zombie (Crypt:2)
  24 culicivoras
  35 slime creatures
  An ettin skeleton (Vaults:4)
  2 shadows (D:11)
  A meliai zombie (D:14)
  An air elemental (Elf:3)
  20 water elementals
  2 centaur simulacra
  A jumping spider (shapeshifter) (Depths:4)
  13 wraiths
  54 yaks
  6 wyverns
  A vampire (D:10)
  15 golden eyes (Zot:1)
  3 fire elementals
  13 humans
  2 ushabtiu (Crypt:3)
  5 steam dragons (Shoals:2)
  45 redbacks
  A hog (shapeshifter) (Abyss:4)
  5 basilisks
  A neqoxec (Abyss:4)
  A human simulacrum (Vaults:2)
  A wind drake skeleton (Crypt:3)
  11 vampire mosquitoes
  Menkaure (D:5)
  A water nymph zombie (Crypt:2)
  A spatial vortex (Abyss:4)
  Duvessa (D:4)
  9 water moccasins
  2 entropy weaver zombies
  A faun skeleton (Crypt:1)
  A naga skeleton (Crypt:3)
  A floating eye (Vaults:5)
  22 orc warriors
  3 black bears
  A water nymph skeleton (Crypt:2)
  A sky beast (D:6)
  2 ice beasts
  A lindwurm zombie (Crypt:3)
  A tengu (shapeshifter) (Vaults:5)
  5 centaurs
  3 ogres
  22 wolves
  An elephant skeleton (Lair:5)
  2 phantoms
  A human skeleton (Vaults:2)
  Blork the orc (D:3)
  A rime drake skeleton (Crypt:2)
  8 bullfrogs
  A kobold brigand (D:8)
  3 necrophages
  5 earth elementals
  3 scorpions
  A water moccasin zombie (Crypt:3)
  2 cane toad simulacra (Lair:5)
  3 wights (D:10)
  Dowan (D:4)
  5 small abominations
  9 killer bees
  2 oklob saplings (D:10)
  2 elephant simulacra (Lair:5)
  2 spriggan skeletons
  2 electric eels
  2 howler monkeys
  A quasit (Abyss:3)
  5 hounds
  2 jellies
  A centaur skeleton (Crypt:1)
  26 orc priests
  2 sleepcaps (D:6)
  4 iguanas
  Natasha (thrice) (D:3)
  32 orc wizards
  Ijyb (D:5)
  2 deep dwarf skeletons
  A mummy (D:6)
  A gnoll (D:1)
  9 adders
  A shadow imp (D:6)
  A white imp (D:7)
  4 ufetubi
  2 worms (D:2)
  5 dart slugs
  72 orcs
  2 endoplasms
  2 giant cockroaches
  7 goblins
  6 hobgoblins
  9 jackals
  A quokka (D:3)
  14 ball pythons
  5 bats
  A bat simulacrum (Abyss:4)
  A dart slug zombie (Crypt:3)
  6 frilled lizards
  A goblin skeleton (Crypt:2)
  16 kobolds
  9 rats
  3 spectral weapons
  A starspawn tentacle (Abyss:4)
2225 creatures vanquished.

Vanquished Creatures (collateral kills)
  An orb of fire (Zot:5)
  Sojobo (Depths:1)
  4 golden dragons
  A doom hound (Depths:3)
  10 tentacled monstrosities
  An electric golem (Zot:5)
  Rupert (D:13)
  Jorgrun (Spider:3)
  2 walking earthen tomes (Depths:3)
  5 Orb Guardians (Zot:5)
  A walking divine tome (WizLab)
  Grunn (Depths:3)
  2 titans
  A death cob (Zot:5)
  A sphinx (Vaults:4)
  Gastronok (Lair:3)
  A storm dragon (Zot:5)
  Aizul (Depths:1)
  Roxanne (Elf:1)
  A draconian knight (Zot:5)
  An iron dragon (Depths:2)
  An imperial myrmidon (Desolation)
  A vault warden (Vaults:5)
  2 draconian shifters (Zot:4)
  A frost giant (Depths:3)
  2 deep elf sorcerers (Elf:3)
  A reaper (Crypt:1)
  A war gargoyle (Vaults:2)
  A draconian stormcaller (Zot:1)
  A deep elf death mage (Elf:3)
  An ettin (Depths:3)
  5 crystal guardians
  An entropy weaver (Desolation)
  A fire dragon (Depths:3)
  A yaktaur captain (Vaults:5)
  2 ice dragons
  A merfolk impaler (Crypt:2)
  4 ragged hierophants (Desolation)
  3 servants of whispers (Desolation)
  2 rakshasas (WizLab)
  3 peacekeepers
  A spriggan air mage (Depths:1)
  A jorogumo (Spider:3)
  22 dancing weapons
  A vampire mage (Depths:2)
  A deep troll shaman (Depths:3)
  A deep troll earth mage (Depths:3)
  A deep elf knight (Elf:3)
  4 deep trolls
  2 skysharks
  2 deep elf archers (Elf:2)
  An ironbound convoker (Desolation)
  A deep elf pyromancer (Elf:1)
  4 deep elf zephyrmancers
  A manticore (Shoals:3)
  A smoke demon (Zot:5)
  A rust devil (Depths:2)
  A molten gargoyle (Desolation)
  2 guardian serpents (Desolation)
  A merfolk (Shoals:3)
  16 saltlings (Desolation)
  2 hellwings (Zot:5)
  A blink frog (shapeshifter) (Elf:3)
  An air elemental (Elf:2)
  A jumping spider (Spider:3)
  A water elemental (Elf:2)
  A human (shapeshifter) (Elf:3)
  3 humans (D:13)
  An earth elemental (Elf:2)
150 creatures vanquished.

Vanquished Creatures (others)
  Vv (Zot:4)
  9 eldritch tentacles (Zot:5)
  A draconian knight (Zot:4)
  A red draconian (Zot:4)
  A deep elf knight (Elf:2)
  A deep elf zephyrmancer (Elf:3)
  A wizard (Vaults:2)
  A worldbinder (Abyss:4)
  A tarantella (Spider:2)
  A redback (Spider:4)
  6 humans (D:14)
  89 foxfires
  2 lurking horrors (Abyss:4)
  4 spectral weapons
  9 starspawn tentacles (Abyss:4)
128 creatures vanquished.

Grand Total: 2503 creatures vanquished

Notes
Turn   | Place    | Note
-------+----------+-------------------------------------------
     0 | D:1      | questionabletactics the Gnoll Wanderer began the quest for
                  | the Orb.
     0 | D:1      | questionabletactics set off with the following items: a +0
                  | spear, 11 poisoned darts, a +0 dagger, a scroll of fear, a
                  | +0 robe; and the following spell memorised: Foxfire; and
                  | the following spells available to memorise: Scorch, Sticky
                  | Flame.
     0 | D:1      | Reached XP level 1. HP: 17/17 MP: 4/4
   254 | D:1      | Reached XP level 2. HP: 17/23 MP: 5/5
   374 | D:1      | Learned a level 2 spell: Scorch
   510 | D:1      | Reached XP level 3. HP: 26/28 MP: 7/7
   706 | D:1      | Reached skill level 1 in Invocations
  1059 | D:2      | Reached skill level 1 in Short Blades
  1059 | D:2      | Reached skill level 1 in Long Blades
  1059 | D:2      | Reached skill level 1 in Axes
  1059 | D:2      | Reached skill level 1 in Maces & Flails
  1059 | D:2      | Reached skill level 1 in Staves
  1059 | D:2      | Reached skill level 1 in Ranged Weapons
  1059 | D:2      | Reached skill level 1 in Armour
  1059 | D:2      | Reached skill level 1 in Dodging
  1059 | D:2      | Reached skill level 1 in Shields
  1059 | D:2      | Reached skill level 1 in Unarmed Combat
  1059 | D:2      | Reached skill level 1 in Evocations
  1441 | D:2      | Reached XP level 4. HP: 34/34 MP: 8/8
  1475 | D:2      | Reached skill level 1 in Shapeshifting
  1594 | D:2      | Reached skill level 1 in Conjurations
  1594 | D:2      | Reached skill level 1 in Hexes
  1594 | D:2      | Reached skill level 1 in Summonings
  1594 | D:2      | Reached skill level 1 in Necromancy
  1594 | D:2      | Reached skill level 1 in Translocations
  1594 | D:2      | Reached skill level 1 in Transmutations
  1594 | D:2      | Reached skill level 1 in Ice Magic
  1594 | D:2      | Reached skill level 1 in Air Magic
  1594 | D:2      | Reached skill level 1 in Earth Magic
  1594 | D:2      | Reached skill level 1 in Poison Magic
  2037 | D:3      | Noticed Natasha
  2214 | D:3      | Killed Natasha
  2215 | D:3      | Reached XP level 5. HP: 40/40 MP: 4/9
  2303 | D:3      | Noticed Natasha
  2309 | D:3      | Killed Natasha
  2310 | D:3      | Noticed Natasha
  2314 | D:3      | Killed Natasha
  2405 | D:3      | Reached XP level 6. HP: 25/47 MP: 3/11
  2583 | D:3      | Found a faded altar of an unknown god.
  2604 | D:3      | Got Plato's Tome of Geometry
  2726 | D:3      | Found an ornate altar of the Wu Jian Council.
  2727 | D:3      | Found a shadowy altar of Dithmenos.
  2727 | D:3      | Found an opulent altar of Gozag.
  2747 | D:3      | Found a radiant altar of Vehumet.
  2883 | D:3      | Became a worshipper of Vehumet
  3142 | D:4      | Reached skill level 5 in Polearms
  3154 | D:4      | Reached skill level 2 in Staves
  3156 | D:4      | Noticed Dowan
  3183 | D:4      | Noticed a black bear
  3198 | D:3      | Killed a black bear
  3433 | D:4      | Found Xiheep's Jewellery Shop.
  3549 | D:4      | Reached XP level 7. HP: 52/52 MP: 10/12
  3628 | D:4      | Noticed Duvessa
  3635 | D:4      | Noticed Blork the orc
  3640 | D:3      | Killed Blork the orc
  3795 | D:4      | Killed Duvessa
  3948 | D:4      | Killed Dowan
  4245 | D:5      | Entered Level 5 of the Dungeon
  4308 | D:5      | Noticed Grinder
  4316 | D:5      | Found a staircase to the Ecumenical Temple.
  4420 | D:5      | Noticed Ijyb
  4425 | D:5      | Reached skill level 3 in Staves
  4425 | D:5      | Reached XP level 8. HP: 59/60 MP: 4/14
  4509 | D:5      | Noticed Menkaure
  4514 | D:5      | Killed Menkaure
  4627 | D:5      | Killed Ijyb
  4791 | D:5      | Found a shimmering blue altar of Sif Muna.
  5159 | D:5      | Killed Grinder
  5433 | D:6      | Found Qehog's Armour Shoppe.
  5448 | D:6      | Found a glowing silver altar of Zin.
  5465 | D:6      | Found a snail-covered altar of Cheibriados.
  5522 | D:6      | Found a sacrificial altar of Ru.
  5808 | D:6      | Noticed a yak
  5812 | D:6      | Noticed a yak
  5854 | D:6      | Killed a yak
  5855 | D:6      | Reached XP level 9. HP: 67/67 MP: 9/16
  5957 | D:6      | Reached skill level 4 in Staves
  5957 | D:6      | Reached skill level 5 in Spellcasting
  5980 | D:6      | Reached * piety under Vehumet
  5980 | D:6      | Offered knowledge of Kiss of Death by Vehumet.
  6258 | D:6      | Reached skill level 5 in Fighting
  6258 | D:6      | Reached skill level 5 in Throwing
  6340 | D:7      | Reached skill level 5 in Stealth
  6836 | D:7      | Noticed Joseph
  6942 | D:7      | Found a white marble altar of Elyvilon.
  6951 | D:7      | Noticed Jeremiah
  6998 | D:7      | Killed Jeremiah
  6999 | D:7      | Reached skill level 5 in Invocations
  7208 | D:7      | Found a hazy altar of Hepliaklqana.
  7368 | D:7      | Noticed an unseen horror
  7376 | D:7      | Killed an unseen horror
  7451 | D:8      | Noticed a hornet
  7860 | D:8      | Killed a hornet
  7861 | D:8      | Reached XP level 10. HP: 52/75 MP: 9/18
  7874 | D:8      | Reached skill level 5 in Short Blades
  7874 | D:8      | Reached skill level 5 in Long Blades
  7874 | D:8      | Reached skill level 5 in Axes
  7874 | D:8      | Reached skill level 5 in Maces & Flails
  7874 | D:8      | Reached skill level 5 in Staves
  7874 | D:8      | Reached skill level 5 in Ranged Weapons
  7874 | D:8      | Reached skill level 5 in Armour
  7874 | D:8      | Reached skill level 5 in Dodging
  7874 | D:8      | Reached skill level 5 in Shields
  7874 | D:8      | Reached skill level 5 in Unarmed Combat
  7874 | D:8      | Reached skill level 5 in Evocations
  7894 | D:8      | Noticed a two-headed ogre
  7914 | D:8      | Killed a two-headed ogre
  8431 | D:9      | Learned a level 4 spell: Sticky Flame
  8578 | D:9      | Noticed a boulder beetle
  8605 | D:9      | Killed a boulder beetle
  8606 | D:9      | Reached skill level 5 in Shapeshifting
  8800 | D:9      | Reached ** piety under Vehumet
  8800 | D:9      | Offered knowledge of Poisonous Vapours by Vehumet.
  9786 | D:10     | Entered Level 10 of the Dungeon
  9884 | D:9      | Reached XP level 11. HP: 64/83 MP: 13/20
  9885 | D:9      | Reached skill level 6 in Staves
  9931 | D:9      | Reached skill level 5 in Conjurations
  9931 | D:9      | Reached skill level 5 in Hexes
  9931 | D:9      | Reached skill level 5 in Summonings
  9931 | D:9      | Reached skill level 5 in Necromancy
  9931 | D:9      | Reached skill level 5 in Translocations
  9931 | D:9      | Reached skill level 5 in Transmutations
  9931 | D:9      | Reached skill level 5 in Ice Magic
  9931 | D:9      | Reached skill level 5 in Air Magic
  9931 | D:9      | Reached skill level 5 in Earth Magic
  9931 | D:9      | Reached skill level 5 in Poison Magic
 10573 | D:10     | Offered knowledge of Volatile Blastmotes by Vehumet.
 10657 | D:10     | Paralysed by a hornet for 1 turns
 10674 | D:10     | Learned a level 4 spell: Flame Wave
 11584 | D:10     | Reached *** piety under Vehumet
 11638 | D:11     | Found a shadowy altar of Dithmenos.
 11929 | D:11     | Offered knowledge of Stone Arrow by Vehumet.
 11998 | D:11     | Learned a level 5 spell: Freezing Cloud
 12169 | D:11     | Noticed a boulder beetle
 12177 | D:11     | Killed a boulder beetle
 12519 | D:11     | Found a staircase to the Lair.
 12591 | Lair:1   | Entered Level 1 of the Lair of Beasts
 12731 | Lair:1   | Reached XP level 12. HP: 85/91 MP: 21/23
 12734 | Lair:1   | Reached skill level 7 in Staves
 13255 | Lair:1   | Reached **** piety under Vehumet
 13834 | Lair:2   | Found a gate leading to a gauntlet.
 13864 | Gauntlet | Entered a Gauntlet
 13864 | Gauntlet | Found a transporter.
 13874 | Gauntlet | Found a transporter.
 13888 | Gauntlet | Found a runed translucent gate.
 13890 | Gauntlet | Found a transporter.
 13891 | Gauntlet | Found a runed translucent gate.
 13892 | Gauntlet | Found a runed translucent gate.
 13894 | Gauntlet | Found a transporter.
 13915 | Gauntlet | Found a transporter.
 13918 | Gauntlet | Noticed a reaper
 13925 | Gauntlet | Found a transporter.
 13929 | Gauntlet | Found a transporter.
 13932 | Gauntlet | Found a transporter.
 13955 | Gauntlet | Found a transporter.
 13961 | Gauntlet | Noticed a cacodemon
 13972 | Gauntlet | Found a transporter.
 13976 | Gauntlet | Found a transporter.
 13985 | Gauntlet | Found a transporter.
 14141 | Gauntlet | Identified the +1 pair of boots "Utoineho" {Rampage rCorr
                  | Dex-2 SInv}
 14208 | Gauntlet | Identified the +6 battleaxe of Voonu {venom, rPois rCorr
                  | Str-5 Dex-3}
 14232 | Gauntlet | Noticed a minotaur
 14239 | Gauntlet | Killed a minotaur
 14240 | Gauntlet | Reached skill level 8 in Staves
 14350 | Lair:2   | Found a staircase to the Shoals.
 14470 | Lair:2   | Offered knowledge of Dazzling Flash by Vehumet.
 15417 | Lair:3   | Noticed Josephine
 15533 | Lair:2   | Killed Josephine
 15534 | Lair:2   | Reached XP level 13. HP: 92/99 MP: 23/25
 15875 | Lair:3   | Found a hole to the Spider Nest.
 15899 | Lair:3   | Identified the +3 ring mail of Yneewob {rElec rPois rF-}
 15938 | Lair:3   | Noticed Gastronok
 16108 | Lair:3   | Reached skill level 9 in Staves
 16198 | Lair:3   | Killed Gastronok
 16244 | Lair:3   | Identified a scroll of acquirement
 16244 | Lair:3   | Acquired the +11 plutonium sword {Contam Stlth-}
 16244 | Lair:3   | Found the +11 plutonium sword {Contam Stlth-}
 16260 | Lair:3   | Reached skill level 10 in Fire Magic
 16741 | Lair:4   | Noticed Sonja
 16745 | Lair:4   | Sonja changed into Sonja the black bear
 16745 | Lair:4   | Noticed Sonja
 16772 | Lair:4   | Killed Sonja the black bear
 17401 | Lair:4   | Reached skill level 10 in Staves
 17827 | Lair:4   | Found a viscous altar of Jiyva.
 17908 | Lair:5   | Entered Level 5 of the Lair of Beasts
 18033 | Lair:5   | Reached skill level 10 in Polearms
 18112 | Lair:5   | Reached ***** piety under Vehumet
 18232 | Lair:5   | Offered knowledge of Plasma Beam by Vehumet.
 18277 | Lair:5   | Learned a level 6 spell: Plasma Beam
 18333 | Lair:5   | Reached XP level 14. HP: 89/108 MP: 25/27
 18653 | Lair:5   | Noticed a dire elephant
 18653 | Lair:5   | Noticed a dire elephant
 18750 | Lair:5   | Reached skill level 10 in Invocations
 19008 | Lair:5   | Noticed a dire elephant
 19010 | Lair:5   | Noticed a dire elephant
 19185 | Lair:5   | Identified the ring "Bissezee" {rN+ Will+}
 19289 | Lair:4   | Upgraded the game from 0.31-a0-744-gbc345e7fcb to
                  | 0.31-a0-750-gfe7b580527
 19485 | D:12     | Found an opulent altar of Gozag.
 19582 | D:12     | Found a staircase to the Orcish Mines.
 19770 | D:12     | Reached skill level 11 in Staves
 19965 | D:12     | Found a transporter.
 19985 | D:12     | Found a transporter.
 20398 | D:13     | Noticed Rupert
 20398 | D:13     | Found a gate to the Vaults.
 20826 | D:12     | Reached skill level 10 in Spellcasting
 20876 | D:13     | Killed Rupert
 20884 | D:13     | Found Ixtodwis's One-of-a-Kind Rings.
 20893 | D:13     | Reached skill level 10 in Fighting
 20893 | D:13     | Reached skill level 10 in Throwing
 21289 | Orc:1    | Entered Level 1 of the Orcish Mines
 21340 | Orc:1    | Found a dark tunnel.
 21348 | Volcano  | Entered a volcano
 21390 | Volcano  | Reached skill level 10 in Stealth
 21675 | Orc:1    | Offered knowledge of Iskenderun's Mystic Blast by Vehumet.
 21680 | Orc:1    | Paralysed by an orc sorcerer for 5 turns
 22274 | Orc:2    | Entered Level 2 of the Orcish Mines
 22679 | Orc:2    | Reached XP level 15. HP: 113/115 MP: 29/29
 22952 | Orc:2    | Reached skill level 12 in Staves
 23060 | Orc:2    | Reached skill level 10 in Short Blades
 23060 | Orc:2    | Reached skill level 10 in Long Blades
 23060 | Orc:2    | Reached skill level 10 in Axes
 23060 | Orc:2    | Reached skill level 10 in Maces & Flails
 23060 | Orc:2    | Reached skill level 10 in Ranged Weapons
 23060 | Orc:2    | Reached skill level 10 in Armour
 23060 | Orc:2    | Reached skill level 10 in Dodging
 23060 | Orc:2    | Reached skill level 10 in Shields
 23060 | Orc:2    | Reached skill level 10 in Unarmed Combat
 23060 | Orc:2    | Reached skill level 10 in Evocations
 23218 | Orc:2    | Found a staircase to the Elven Halls.
 23308 | Orc:2    | Found Jekheufa's Antique Armour Boutique.
 23308 | Orc:2    | Found Jixku's Jewellery Shop.
 23309 | Orc:2    | Found Pajoeg's Assorted Antiques.
 23313 | Orc:2    | Found Vuciesaqurph's Book Boutique.
 23318 | Orc:2    | Bought a dazzling hat for 369 gold pieces
 23318 | Orc:2    | Identified the +2 hat of Lust {Harm rF++ rCorr Str-4} (You
                  | bought it in a shop on level 2 of the Orcish Mines)
 23371 | Orc:2    | Learned a level 3 spell: Ignite Poison
 23994 | D:14     | Found a basalt altar of Yredelemnul.
 24274 | D:14     | Noticed Kirke
 24286 | D:14     | Killed Kirke
 24309 | D:14     | Noticed Snorg
 24312 | D:14     | Noticed Agnes
 24545 | D:14     | Killed Snorg
 24709 | D:14     | Killed Agnes
 24873 | D:15     | Entered Level 15 of the Dungeon
 25129 | D:15     | Found a staircase to the Depths.
 25871 | D:15     | Offered knowledge of Fireball by Vehumet.
 25878 | D:15     | Learned a level 5 spell: Fireball
 25900 | D:15     | Identified the +9 spear of the Madman {heavy, MP+9 Int+6
                  | Stlth+}
 25907 | D:15     | Found Yplaenef's Assorted Antiques.
 25915 | D:15     | Bought a pair of runed boots for 217 gold pieces
 25928 | D:15     | Bought a potion of heal wounds for 145 gold pieces
 25938 | D:15     | Found a stormy altar of Qazlal.
 26346 | Spider:1 | Entered Level 1 of the Spider Nest
 26814 | Spider:1 | Noticed an emperor scorpion
 26826 | Spider:1 | Killed an emperor scorpion
 26866 | Spider:1 | Reached skill level 13 in Staves
 27427 | Spider:1 | Reached XP level 16. HP: 103/125 MP: 23/31
 27902 | Spider:1 | Reached skill level 10 in Shapeshifting
 27913 | Spider:1 | Offered knowledge of Spellforged Servitor by Vehumet.
 28024 | Spider:1 | Learned a level 7 spell: Spellforged Servitor
 30439 | Spider:3 | Reached skill level 14 in Staves
 30440 | Spider:3 | Noticed Jorgrun
 30729 | Shoals:1 | Entered Level 1 of the Shoals
 31001 | Shoals:1 | Noticed Nikola
 31470 | Shoals:1 | Reached ****** piety under Vehumet
 31470 | Shoals:1 | Offered knowledge of Orb of Destruction by Vehumet.
 31935 | D:12     | Found a one-way gate to the infinite horrors of the Abyss.
 31935 | D:12     | Noticed iamoutofideas's ghost (journeyman HOBe)
 32546 | Shoals:2 | Reached XP level 17. HP: 50/133 MP: 32/32
 32838 | Shoals:2 | Noticed Ilsuiw
 33232 | Shoals:2 | Killed Ilsuiw
 33811 | Shoals:3 | Noticed Mlioglotl
 33831 | Shoals:3 | Killed Mlioglotl
 34073 | Shoals:3 | Reached skill level 10 in Conjurations
 34073 | Shoals:3 | Reached skill level 10 in Hexes
 34073 | Shoals:3 | Reached skill level 10 in Summonings
 34073 | Shoals:3 | Reached skill level 10 in Necromancy
 34073 | Shoals:3 | Reached skill level 10 in Translocations
 34073 | Shoals:3 | Reached skill level 10 in Transmutations
 34073 | Shoals:3 | Reached skill level 10 in Ice Magic
 34073 | Shoals:3 | Reached skill level 10 in Air Magic
 34073 | Shoals:3 | Reached skill level 10 in Earth Magic
 34073 | Shoals:3 | Reached skill level 10 in Poison Magic
 34338 | Shoals:3 | Noticed Bai Suzhen
 34371 | Shoals:4 | Entered Level 4 of the Shoals
 34838 | Shoals:4 | Reached skill level 15 in Staves
 34838 | Shoals:4 | Identified the +4 halberd of Ravage {heavy, rN+ Stlth+}
 35076 | Shoals:4 | Offered knowledge of Iskenderun's Battlesphere by Vehumet.
 35120 | Shoals:4 | Identified the +5 shortbow of Exquisite Torment {flame, rF+
                  | Dex+2}
 35214 | Shoals:4 | Found a glowing golden altar of the Shining One.
 35559 | Shoals:4 | Got a barnacled rune of Zot
 36324 | Elf:1    | Entered Level 1 of the Elven Halls
 36337 | Elf:1    | Paralysed by an orc sorcerer for 5 turns
 36411 | Elf:1    | Noticed Roxanne
 36445 | Elf:1    | Killed Roxanne
 36512 | Elf:1    | Reached XP level 18. HP: 99/141 MP: 18/34
 36892 | Elf:1    | Noticed Louise
 36907 | Elf:1    | Killed Louise
 37085 | Elf:1    | Found Dutirgh's Book Shop.
 37766 | Elf:1    | Identified the +4 war axe of Jistriaj {flame, rPois}
 37792 | Elf:1    | Learned a level 6 spell: Summon Cactus Giant
 37801 | Elf:1    | Offered knowledge of Ignition by Vehumet.
 38334 | Elf:2    | Learned a level 4 spell: Dispel Undead
 38392 | Elf:2    | Found a glowing golden altar of the Shining One.
 38394 | Elf:2    | Found a crumbling gateway.
 38394 | Elf:2    | Found a glowing silver altar of Zin.
 38441 | Elf:2    | Reached skill level 16 in Staves
 38466 | Elf:2    | Found a white marble altar of Elyvilon.
 38609 | Desolati | Entered the Desolation of Salt
 38796 | Desolati | Identified the +1 flail "Gallu" {flame, Str+2 Int+5 Dex-2}
 38796 | Desolati | Identified the ring of the Castellan {rPois rCorr Str-4
                  | Stlth+}
 39443 | Desolati | Identified the ring of the Duke {Fly rPois Dex+2}
 40478 | Desolati | Got the Secrets of Dimensional Incandescence
 40576 | Desolati | Identified the +1 pair of gloves "Ytenn" {Will+ Str+3
                  | Int+3}
 40846 | Desolati | Identified the ring of Koseth {rElec rF++ MP+9 Slay-6}
 41336 | Desolati | Identified the +9 spear of Wisdom {heavy, +Blink rC+}
 41380 | Desolati | Offered knowledge of Fire Storm by Vehumet.
 41380 | Desolati | Offered knowledge of Polar Vortex by Vehumet.
 41380 | Desolati | Offered knowledge of Maxwell's Capacitive Coupling by
                  | Vehumet.
 41736 | Desolati | Got the Writings on Pyromancy and the Atmosphere
 41751 | Desolati | Identified the staff "Mil Tub" {rPois rF+ Int-4 Dex+4 Fire}
 41782 | Desolati | Identified the +3 dagger of the Realm of Zot {drain,
                  | *Corrode Fly rPois rN+ Str+3}
 41982 | Elf:2    | Reached XP level 19. HP: 139/149 MP: 34/36
 42541 | Elf:2    | Found a runed translucent gate.
 42542 | Elf:2    | Found a runed translucent gate.
 42542 | Elf:2    | Found a runed translucent gate.
 43025 | Elf:3    | Entered Level 3 of the Elven Halls
 43184 | Elf:3    | Reached skill level 17 in Staves
 43290 | Elf:3    | Found a magical portal.
 43299 | WizLab   | Entered Tukima's Studio
 43965 | WizLab   | Identified the +10 triple crossbow "Coyxta" {speed, rC+
                  | Str-4 Dex+2 Stlth+}
 44918 | WizLab   | Noticed questionabletactics's illusion
 45136 | Abyss:3  | Cast into level 3 of the Abyss (a deep elf sorcerer)
 45161 | Abyss:3  | Found a corrupted altar of Lugonu.
 45382 | Abyss:3  | Noticed a bone dragon
 45487 | Abyss:4  | Found a corrupted altar of Lugonu.
 45567 | Abyss:4  | Found a corrupted altar of Lugonu.
 45627 | Abyss:4  | Found a corrupted altar of Lugonu.
 45708 | Abyss:4  | Reached skill level 15 in Stealth
 45903 | Abyss:4  | Noticed a bone dragon
 45931 | Abyss:4  | Noticed a hellephant
 46099 | Abyss:4  | Noticed a bone dragon
 46107 | Abyss:4  | Noticed a bone dragon
 46535 | Abyss:4  | Noticed a dread lich
 46563 | Elf:3    | Escaped the Abyss
 46628 | Elf:3    | Identified the +10 plate armour of Ceapp {rElec rF+ rN++
                  | Dex-5}
 47049 | Elf:2    | Learned a level 3 spell: Ignite Poison
 47422 | Spider:3 | Reached XP level 20. HP: 146/158 MP: 31/37
 47602 | Spider:3 | Killed Jorgrun
 48306 | Spider:4 | Entered Level 4 of the Spider Nest
 48677 | Spider:4 | Reached skill level 15 in Invocations
 49406 | Spider:4 | Reached skill level 18 in Staves
 50133 | Spider:4 | Got a gossamer rune of Zot
 50784 | Lair:5   | Identified the staff "Piedwec" {rPois Dex+5 Earth}
 51140 | Lair:5   | Identified the staff "Ruir" {rElec rC+ Str-2 Int+2 Ice}
 51385 | Vaults:1 | Entered Level 1 of the Vaults
 52606 | Vaults:1 | Reached skill level 15 in Polearms
 53069 | Vaults:1 | Reached XP level 21. HP: 166/166 MP: 36/39
 53245 | Vaults:1 | Noticed Norris
 53260 | Vaults:1 | Killed Norris
 53472 | Vaults:1 | Got Kiecer's Cyclopedia of Torrid Reconstruction
 54086 | Vaults:2 | Reached skill level 19 in Staves
 54094 | Vaults:2 | Found a flickering gateway to a bazaar.
 54104 | Bazaar   | Entered a bazaar
 54110 | Bazaar   | Found Kieterch's Book Emporium.
 54110 | Bazaar   | Found Kesotipp's Jewellery Shoppe.
 54122 | Bazaar   | Bought a book of Spatial Translocations for 198 gold pieces
 54125 | Bazaar   | Learned a level 2 spell: Blink
 54938 | Vaults:2 | Reached skill level 15 in Spellcasting
 54943 | Vaults:2 | Identified the +3 flail of Cruel Justice {spect, Int+2
                  | SInv}
 55276 | Vaults:2 | Reached skill level 15 in Fighting
 55276 | Vaults:2 | Reached skill level 15 in Throwing
 56278 | Vaults:2 | Upgraded the game from 0.31-a0-750-gfe7b580527 to
                  | 0.31-a0-765-g67fe2935dc
 56707 | Vaults:3 | Reached skill level 15 in Short Blades
 56707 | Vaults:3 | Reached skill level 15 in Long Blades
 56707 | Vaults:3 | Reached skill level 15 in Axes
 56707 | Vaults:3 | Reached skill level 15 in Maces & Flails
 56707 | Vaults:3 | Reached skill level 15 in Ranged Weapons
 56707 | Vaults:3 | Reached skill level 15 in Armour
 56707 | Vaults:3 | Reached skill level 15 in Dodging
 56707 | Vaults:3 | Reached skill level 15 in Shields
 56707 | Vaults:3 | Reached skill level 15 in Unarmed Combat
 56707 | Vaults:3 | Reached skill level 15 in Evocations
 56887 | Vaults:3 | Found Onumow's Jewellery Emporium.
 56916 | Vaults:3 | Reached XP level 22. HP: 154/175 MP: 41/41
 57082 | Vaults:3 | Noticed Jory
 57098 | Vaults:3 | Killed Jory
 57249 | Vaults:3 | Paralysed by a great orb of eyes for 3 turns
 58183 | Vaults:3 | Found a staircase to the Crypt.
 58728 | Vaults:3 | Reached skill level 20 in Staves
 59068 | Vaults:3 | Identified the +0 ring mail of the Distant Future {Rampage
                  | Str+3 Slay+3}
 59107 | Vaults:3 | Identified the +0 chain mail of the Crypt {rF++ Int-3
                  | Slay+2 SInv}
 59116 | Vaults:3 | Got the Compilation of Reformed Creation
 59430 | D:15     | Bought a scroll of poison for 116 gold pieces
 59430 | D:15     | Bought a potion of haste for 290 gold pieces
 59430 | D:15     | Bought a scroll of teleportation for 87 gold pieces
 59430 | D:15     | Bought a potion of might for 116 gold pieces
 59542 | Orc:2    | Bought a scroll of blinking for 307 gold pieces
 59542 | Orc:2    | Bought a potion of curing for 123 gold pieces
 60564 | Vaults:4 | Reached XP level 23. HP: 183/183 MP: 42/42
 62160 | Elf:3    | Identified the +2 swamp dragon scales "Vucabiaw" {rPois
                  | Dex+4}
 62161 | Elf:3    | Identified the ring "Miplixzi" {Ice Will+ Int+2}
 62168 | Elf:3    | Reached skill level 15 in Fire Magic
 62468 | Elf:3    | Paralysed by an air elemental for 1 turns
 62618 | Elf:3    | Identified the +1 helmet "Leekodet" {+Blink rN+}
 62652 | Elf:3    | Reached XP level 24. HP: 191/191 MP: 43/43
 62701 | Elf:3    | Identified the +0 ring mail of the Trees {Rampage rF++ rN+
                  | MP-9}
 62728 | Elf:3    | Identified the +0 helmet "Suas" {rElec Slay+3}
 62772 | Elf:3    | Got Lehudib's Parchment of the Underground Impact
 62835 | Elf:3    | Identified the ring of Tig Eho {EV+5 Dex+5}
 63716 | Crypt:1  | Entered Level 1 of the Crypt
 65272 | Crypt:2  | Reached skill level 21 in Staves
 65449 | Crypt:2  | Found a runed translucent gate.
 65450 | Crypt:2  | Found a runed translucent gate.
 65451 | Crypt:2  | Found a runed translucent gate.
 65460 | Crypt:2  | Noticed Micliseo's ghost (adept GrFi)
 65477 | Crypt:2  | Found an iron altar of Okawaru.
 66182 | Crypt:2  | Killed Micliseo's ghost
 66212 | Crypt:2  | Identified the +1 robe of the Lion {Regen+}
 66217 | Crypt:2  | Identified the +2 orcbow "Liahump" {flame, Stlth+}
 66256 | Crypt:3  | Entered Level 3 of the Crypt
 66968 | Crypt:3  | Reached skill level 15 in Shapeshifting
 67208 | Crypt:3  | Noticed Frederick
 67221 | Crypt:3  | Killed Frederick
 68208 | Crypt:3  | Found a staircase to the Tomb.
 69033 | Crypt:3  | Noticed a curse toe
 69046 | Crypt:3  | Killed a curse toe
 69293 | Crypt:3  | Found a basalt altar of Yredelemnul.
 69300 | Crypt:3  | Found an ancient bone altar of Kikubaaqudgha.
 69376 | Crypt:3  | Found the +5 scythe "Finisher" {speed, execute}
 69431 | Crypt:3  | Found the +6 Majin-Bo {spellvamp, MP+6 Int+6}
 69448 | Crypt:3  | Identified the +11 battleaxe "Leman" {freeze, rF- rCorr
                  | Int+5 Dex+2}
 69458 | Crypt:3  | Learned a level 5 spell: Yara's Violent Unravelling
 69786 | Depths:1 | Entered Level 1 of the Depths
 69816 | Depths:1 | Identified the +7 short sword "Goblinbane" {freeze, rElec}
 69853 | Depths:1 | Found a flickering gateway to a bazaar.
 69859 | Bazaar   | Entered a bazaar
 69876 | Bazaar   | Found Ismul's Magic Scroll Shop.
 69880 | Bazaar   | Bought a scroll of teleportation for 36 gold pieces
 69908 | Bazaar   | Found Mamiblet's Magic Scroll Shop.
 69913 | Bazaar   | Bought a scroll of teleportation for 24 gold pieces
 69924 | Bazaar   | Found Julanaeb's Distillery.
 69970 | Bazaar   | Found Quof's Distillery.
 69988 | Bazaar   | Bought a potion of haste for 190 gold pieces
 69988 | Bazaar   | Bought a potion of curing for 57 gold pieces
 69988 | Bazaar   | Bought a potion of heal wounds for 95 gold pieces
 70008 | Bazaar   | Bought a potion of heal wounds for 45 gold pieces
 70008 | Bazaar   | Bought a potion of haste for 90 gold pieces
 70008 | Bazaar   | Bought a potion of mutation for 72 gold pieces
 70008 | Bazaar   | Bought a potion of mutation for 72 gold pieces
 70023 | Bazaar   | Bought a scroll of enchant armour for 60 gold pieces
 70023 | Bazaar   | Bought a scroll of summoning for 76 gold pieces
 70051 | Bazaar   | Bought a scroll of enchant armour for 90 gold pieces
 70051 | Bazaar   | Bought a scroll of enchant armour for 90 gold pieces
 70088 | Depths:1 | Reached XP level 25. HP: 124/198 MP: 37/43
 70261 | Depths:1 | Identified the +1 robe of Negligence {Harm *Corrode Int+4
                  | Archmagi}
 70705 | Depths:1 | Found Emuv's Distillery.
 70706 | Depths:1 | Found Cenius's Antique Weapon Boutique.
 70706 | Depths:1 | Found Namo's Antique Armour Shop.
 70709 | Depths:1 | Found Mijiusocu's General Store.
 70712 | Depths:1 | Bought a potion of haste for 220 gold pieces
 70721 | Depths:1 | Bought a runed cloak for 270 gold pieces
 70814 | Depths:1 | Noticed Sojobo
 70835 | Depths:1 | Killed Sojobo
 71186 | Depths:1 | Found a gateway to Hell.
 71271 | Depths:1 | Found a one-way gate leading to the halls of Pandemonium.
 71391 | Depths:1 | Noticed Aizul
 71409 | Depths:1 | Killed Aizul
 71854 | Depths:2 | Found a shimmering blue altar of Sif Muna.
 72036 | Depths:2 | Reached skill level 22 in Staves
 72723 | Depths:2 | Noticed Mara
 72734 | Depths:2 | Noticed questionabletactics's illusion
 72996 | Depths:2 | Killed Mara
 73278 | Depths:2 | Found a sacrificial altar of Ru.
 73653 | Depths:3 | Noticed Grunn
 73664 | Depths:3 | Killed Grunn
 74496 | Depths:4 | Entered Level 4 of the Depths
 74621 | Depths:4 | Found a one-way gateway to a ziggurat.
 75114 | Depths:4 | Reached XP level 26. HP: 208/208 MP: 44/44
 75379 | Depths:4 | Found a gate to the Realm of Zot.
 75973 | Vaults:5 | Entered Level 5 of the Vaults
 76053 | Vaults:5 | Gained mutation: Your body sometimes deteriorates upon
                  | taking damage. [a shining eye]
 76561 | Vaults:5 | Identified the +5 chain mail of Generosity {rC- Dex+4}
 76565 | Vaults:5 | Got a silver rune of Zot
 76652 | Vaults:5 | Reached skill level 23 in Staves
 76786 | Vaults:5 | Identified the +0 robe of the Charmed God {Rampage}
 76791 | Vaults:5 | Paralysed by a floating eye for 4 turns
 76814 | Vaults:5 | Identified the +3 battleaxe of Severance {drain, Will-
                  | Int+4}
 76831 | Vaults:5 | Reached skill level 15 in Conjurations
 76831 | Vaults:5 | Reached skill level 15 in Hexes
 76831 | Vaults:5 | Reached skill level 15 in Summonings
 76831 | Vaults:5 | Reached skill level 15 in Necromancy
 76831 | Vaults:5 | Reached skill level 15 in Translocations
 76831 | Vaults:5 | Reached skill level 15 in Transmutations
 76831 | Vaults:5 | Reached skill level 15 in Ice Magic
 76831 | Vaults:5 | Reached skill level 15 in Air Magic
 76831 | Vaults:5 | Reached skill level 15 in Earth Magic
 76831 | Vaults:5 | Reached skill level 15 in Poison Magic
 77313 | Vaults:5 | Identified the +0 rapier "Tormentor" {flame, rF++ rN+}
 77316 | Vaults:5 | Got Etzeulen's Discursus on Fog and Force
 77326 | Vaults:5 | Got the Verses on Dimensional Anemomancy
 77327 | Vaults:5 | Identified the ring of Bizinuekk {Fire Int-4 Dex+4}
 77382 | Vaults:5 | Noticed a dread lich
 77386 | Vaults:5 | Killed a dread lich
 77416 | Vaults:5 | Identified the ring "Aseniff" {rElec rC+ Int-5 Stlth+}
 77473 | Vaults:5 | Identified the +1 dagger of Biownuoj {holy, rC+ rCorr}
 77664 | Vaults:5 | Paralysed by a sphinx for 2 turns
 78233 | Vaults:5 | Noticed a dread lich
 78241 | Vaults:5 | Killed a dread lich
 78638 | Zot:1    | Entered Level 1 of the Realm of Zot
 78922 | Zot:1    | Reached XP level 27. HP: 119/217 MP: 42/45
 79495 | Zot:1    | Found a transporter.
 79497 | Zot:1    | Found a transporter.
 79500 | Zot:1    | Noticed an orb of fire
 81021 | Zot:1    | Identified the +2 robe "Yfarrub" {rC+ Int+5 Dex+2 Stlth+}
 81414 | Zot:1    | Noticed an orb of fire
 82077 | Zot:2    | Reached skill level 24 in Staves
 84440 | Zot:3    | You fall into a shaft and drop 1 floor!
 86356 | Zot:4    | Noticed an orb of fire
 87127 | Zot:4    | Noticed Vv
 87431 | Zot:4    | Killed Vv
 87863 | Zot:4    | Noticed an ancient lich
 87867 | Zot:4    | Killed an ancient lich
 87913 | Zot:4    | Learned a level 7 spell: Malign Gateway
 88159 | Zot:5    | Entered Level 5 of the Realm of Zot
 88224 | Zot:5    | Acquired 824 gold pieces
 88609 | Zot:5    | Noticed a dread lich
 88616 | Zot:5    | Killed a dread lich
 88617 | Zot:5    | Reached skill level 25 in Staves
 88635 | Zot:5    | Noticed an orb of fire
 88673 | Zot:5    | Gained mutation: Your magical capacity is low. (-10% MP)
                  | [an orb of fire]
 88712 | Zot:5    | Gained mutation: You sometimes lose your temper in combat.
                  | [an orb of fire]
 88714 | Zot:5    | Killed an orb of fire
 88946 | Zot:5    | Lost mutation: Your body sometimes deteriorates upon taking
                  | damage. [potion of mutation]
 88946 | Zot:5    | Lost mutation: You sometimes lose your temper in combat.
                  | [potion of mutation]
 88946 | Zot:5    | Lost mutation: Your magical capacity is low. (-10% MP)
                  | [potion of mutation]
 88946 | Zot:5    | Gained mutation: You are clumsy. (Dex -2) [potion of
                  | mutation]
 88946 | Zot:5    | Gained mutation: You have a pair of small horns on your
                  | head. [potion of mutation]
 89008 | Zot:5    | Gained mutation: You are very clumsy. (Dex -4) [mutagenic
                  | glow]
 89026 | Zot:5    | Gained mutation: Your body sometimes deteriorates upon
                  | taking damage. [mutagenic glow]
 89037 | Zot:5    | Gained mutation: You have a pair of horns on your head.
                  | [mutagenic glow]
 89294 | Zot:5    | Noticed an ancient lich
 89306 | Zot:5    | Killed an ancient lich
 89695 | Zot:5    | Noticed an orb of fire
 89924 | Zot:5    | Gained mutation: Your spells are a little easier to cast,
                  | but a little less powerful. [an orb of fire]
 89935 | Zot:5    | Killed an orb of fire
 90390 | Zot:5    | Got the Orb of Zot
 90803 | D:7      | Gained mutation: You are vulnerable to cold. (rC-) [a
                  | cacodemon]
 90806 | D:7      | Lost mutation: You have a pair of horns on your head.
                  | [potion of mutation]
 90806 | D:7      | Lost mutation: You are very clumsy. (Dex -4) [potion of
                  | mutation]
 90806 | D:7      | Lost mutation: You have a pair of small horns on your head.
                  | [potion of mutation]
 90806 | D:7      | Gained mutation: Your system is resistant to poisons.
                  | (rPois) [potion of mutation]
 90806 | D:7      | Gained mutation: You are covered in fur. (AC +1) [potion of
                  | mutation]
 90806 | D:7      | Gained mutation: You have large cloven feet. [potion of
                  | mutation]
 90807 | D:7      | Lost mutation: Your system is resistant to poisons. (rPois)
                  | [potion of mutation]
 90807 | D:7      | Lost mutation: Your body sometimes deteriorates upon taking
                  | damage. [potion of mutation]
 90807 | D:7      | Lost mutation: Your spells are a little easier to cast, but
                  | a little less powerful. [potion of mutation]
 90807 | D:7      | Gained mutation: A frigid envelope surrounds you and
                  | freezes all who hurt you. [potion of mutation]
 90807 | D:7      | Gained mutation: Your magical capacity is low. (-10% MP)
                  | [potion of mutation]
 90807 | D:7      | Gained mutation: You are covered in thick fur. (AC +2)
                  | [potion of mutation]
 90807 | D:7      | Gained mutation: You expend magic power (3 MP) to
                  | strengthen your wands. [potion of mutation]
 91056 | D:$      | Escaped with the Orb!

Illustrated notes

Levels and vault maps discovered:
D:1:      dpeg_arrival_court, layout_basic
D:2:      layout_basic, minivault_11, minmay_hexomino_c4
D:3:      layout_loops_ring, nicolae_overflow_quartered_altars,
          shapermc_ecumenical_altar_rom_forum, uniq_natasha
D:4:      layout_basic, serial_shops, nicolae_shop_just_a_little_nook,
          uniq_duvessa, uniq_blork_the_orc
D:5:      layout_rooms, old_standard_altar, minmay_temple_entry_glassed_door,
          uniq_menkaure, uniq_grinder, uniq_ijyb
D:6:      layout_basic, slow_altar_2, mainiacjoe_overflow_catwalk_spiral,
          serial_shops, nicolae_shop_advertising_works
          [nicolae_subvault_shop_adworks]
D:7:      layout_basic, nzn_hepliaklqana_mist_gate, overflow_temple_1_default,
          uniq_jeremiah, uniq_joseph
D:8:      layout_cave_pools
D:9:      layout_irregular_city, wad_woods_river_04, nzn_sisyphean_effort
D:10:     layout_grid_maze, introduction_to_nature_2
D:11:     layout_small_grid, david_lair_shrubbed, grunt_dithmenos_smoke
D:12:     layout_irregular_city, david_orc_5, gammafunk_ghost_abyssal_escape,
          amcnicky_mini_pool_small, minmay_misc_feat_hallway,
          grunt_gozag_breadcrumbs
D:13:     layout_gridville, david_vaults_3, nicolae_shop_unique_rings
D:14:     layout_roguey, minivault_26, grunt_decor_resistance,
          lemuel_zombie_altar_yredelemnul, uniq_agnes, uniq_snorg, uniq_kirke
D:15:     hangedman_depths_entry_try_elsewhere_first, layout_irregular_city,
          serial_shops, shop, minmay_parallelograms,
          nicolae_qazlal_eye_of_the_storm
Lair:1:   layout_chaotic_city, gammafunk_lair_bear_cave
Lair:2:   layout_cave_pods, minmay_shoals_entry_lonely_mermaid,
          gauntlet_entry_generic
Lair:3:   beast_lair_carwin_large_1, layout_regular_city, dummy_spider_entry,
          uniq_josephine, uniq_gastronok
Lair:4:   layout_regular_city, minmay_slime_entry_oklob_enclosed,
          serial_bayou_shore_b, lemuel_fruit_tree, infiniplex_staircase_pool_2,
          uniq_sonja
Lair:5:   due_jungle_book, layout_loops_ring, lemuel_fruit_fields
Shoals:1: layout_shoals, nicolae_shoals_land_atoll,
          nicolae_shoals_dead_sea_scrolls, uniq_nikola
Shoals:2: layout_shoals, nicolae_shoals_drake_roost, uniq_ilsuiw
Shoals:3: layout_shoals, uniq_bai_suzhen, uniq_mlioglotl
Shoals:4: shoals_end_grunt_garden, layout_shoals, lemuel_oklob_altar
Spider:1: layout_spider_delve, hangedman_spider_tarantella_strand
Spider:2: layout_chambers
Spider:3: layout_cave_pods, nicolae_spider_cling_halls, uniq_jorgrun
Spider:4: spider_rune_water, nicolae_spider_eight_legs
Orc:1:    layout_diamond_mine, enter_volcano_1
Orc:2:    st_orc_mages, layout_diamond_mine
Elf:1:    nicolae_elf_arrival_no_cutting_in_line, layout_onion_city,
          serial_shops, nicolae_book_shop_shelving,
          hangedman_elven_crosses_minicolossus,
          minmay_the_grid_square_5x5_3x3_mashed
          [minmay_the_grid_square_5x5_two_small,
          minmay_the_grid_square_5x5_intrusive_squares,
          minmay_the_grid_square_5x5_half_checkered,
          minmay_the_grid_square_5x5_three_walls,
          minmay_the_grid_square_5x5_megaprize_hollow,
          minmay_the_grid_square_5x5_meh, minmay_the_grid_square_5x5_two,
          minmay_the_grid_square_5x5_detours, minmay_the_grid_square_5x5_lines],
          uniq_roxanne, uniq_louise
Elf:2:    nicolae_elf_blades_crystal_corner, layout_onion_city,
          portal_desolation_entry_holy_temple, amethyst_killhole
Elf:3:    grunt_elf_hall_spiral, layout_loops_corners, mu_enter_wizlab_3
Vaults:1: grunt_vaults_hallway_short, grunt_vaults_hallway_short,
          vaults_mumra_chevron, v_misc_16,
          vaults_standard_mumra_enter_the_diamond, nicolae_vaults_mitosis,
          v_misc_31, nicolae_vaults_tetromino_T_1,
          nicolae_vaults_more_shelving_1, ontoclasm_vaults_shout,
          ontoclasm_vaults_ligature, nicolae_vaults_more_shelving_2,
          layout_vaults_maze, serial_glass, uniq_norris
Vaults:2: hangedman_vaults_corner, nicolae_vaults_meiosis,
          nicolae_vaults_thirteen_compartments, ontoclasm_vaults_shuriken,
          grunt_vaults_trifunnel, v_misc_4, hangedman_vaults_snaps,
          ontoclasm_vaults_fault, v_alt_pattern_3, nicolae_vaults_two_Ls,
          vaults_room_pool, nicolae_vaults_border_crossing,
          vaults_dpeg_encased_lava, nicolae_vaults_oval_intersection,
          layout_vaults_big_cross, serial_shops, bzr_entry_lakeside
Vaults:3: st_greater_box_3, ontoclasm_vaults_tryst,
          minmay_crypt_entry_nasty_monster, hangedman_vaults_stagger,
          v_alt_pattern_2, nicolae_vaults_cochlea,
          nicolae_vaults_lightning_bolt, vaults_room_pool,
          nicolae_vaults_house_3, layout_vaults_omnigrid, serial_shops,
          nicolae_shop_stone, uniq_jory
Vaults:4: nicolae_vaults_diamond_2, hangedman_vaults_stream,
          hangedman_vaults_trim, ontoclasm_vaults_twist, v_misc_12,
          vaults_room_fancy_cross, nicolae_vaults_tetromino_L_1,
          nicolae_vaults_trapezoid_4, nicolae_vaults_trapezoid_4, v_misc_3,
          nicolae_vaults_variable_pillar_hall,
          vaults_standard_mumra_enter_the_diamond, nicolae_vaults_statue_guard,
          nicolae_vaults_trapezoid_lopsided_1, hangedman_vaults_corner_blocks,
          vaults_dpeg_hooks, layout_vaults_omnibox
Vaults:5
Crypt:1:  layout_misc_corridors, grunt_crypt_arrival_split
Crypt:2:  layout_rooms, serial_sigils, serial_sigils_hangedman_gut,
          serial_sigils_hangedman_stare, serial_sigils_hangedman_scratch,
          serial_sigils_hangedman_scar, gammafunk_ghost_fury_of_okawaru
Crypt:3:  lightli_unholy_cathedral, layout_chaotic_city,
          tomb_entry_shell_bobbens, grunt_megastairs_5, uniq_frederick
Depths:1: layout_cave_pools, grunt_pan_entry_spiral, abyss_entry_glasseish,
          hangedman_geh_valley, serial_shops, bzr_entry_safe,
          hangedman_decor_peaks_small, drop_trap, grunt_potential,
          minmay_shoptagon, uniq_sojobo, uniq_aizul
Depths:2: evilmike_marble_ring, layout_honeycomb, rand_demon_pan_entry_9,
          nicolae_sif_muna_condensation, grunt_hell_entry_dis_grunt,
          minmay_misc_feat_five, chequers_serial_rivers_small_3,
          nicolae_ru_sacrificial_ziggurat, uniq_mara
Depths:3: minmay_bloctagon_deflated, layout_cave_shapes, abyss_entry,
          chequers_serial_rivers_micro_b, pan_entry, hell_entry,
          infiniplex_staircase_hallway_doors, serial_bayou_shore_b, uniq_grunn
Depths:4: evilmike_zot_entry_basic, layout_cave_pools, enter_ziggurat_a,
          serial_glass, glass_columns_c, glass_columns_a, lightli_too_deep,
          hangedman_abyss_or_decor_stabs
Zot:1:    gammafunk_the_bubble [the_bubble_gammafunk_split], layout_gridlike,
          grunt_ministairs_1, hellmonk_body_bag
Zot:2:    layout_concentric_octagons
Zot:3:    layout_twisted_circle
Zot:4:    grunt_deathspiral_small, layout_onion, lemuel_lich_library, uniq_vv
Zot:5:    layout_cellular_growth

Skill      XL: |  1  2  3  4  5  6  7  8  9 10 11 12 13 14 15 16 17 18 19 20 21 22 23 24 25 26 27 |
---------------+----------------------------------------------------------------------------------+-----
Invocations    | 1 2 3 4 5 6 7 8 9 10 11 12 13 14 15 16 17 18 19 20 | 20.9
Short Blades   | 1 2 3 4 5 6 8 9 10 11 12 13 14 15 16 17 19 | 19.3
Long Blades    | 1 2 3 4 5 6 8 9 10 11 12 13 14 15 16 17 19 | 19.3
Axes           | 1 2 3 4 5 6 8 9 10 11 12 13 14 15 16 17 19 | 19.3
Maces & Flails | 1 2 3 4 5 6 8 9 10 11 12 13 14 15 16 17 19 | 19.3
Staves         | 1 2 3 4 5 6 8 10 11 13 14 15 16 17 18 19 20 21 22 23 25 | 25.5
Ranged Weapons | 1 2 3 4 5 6 8 9 10 11 12 13 14 15 16 17 19 | 19.3
Armour         | 1 2 3 4 5 6 8 9 10 11 12 13 14 15 16 17 19 | 19.3
Dodging        | 1 2 3 4 5 6 8 9 10 11 12 13 14 15 16 17 19 | 19.3
Shields        | 1 2 3 4 5 6 8 9 10 11 12 13 14 15 16 17 19 | 19.8
Unarmed Combat | 1 2 3 4 5 6 8 9 10 11 12 13 14 15 16 17 19 | 19.3
Evocations     | 1 2 3 4 5 6 8 9 10 11 12 13 14 15 16 17 19 | 19.3
Shapeshifting  | 1 2 3 4 5 6 7 8 9 10 11 12 13 14 15 16 17 | 17.9
Spellcasting   | 3 4 5 6 7 8 9 10 11 12 13 14 15 16 17 18 19 | 19.5
Conjurations   | 1 2 3 4 5 6 7 8 9 10 11 12 13 14 15 16 | 16.5
Hexes          | 1 2 3 4 5 6 7 8 9 10 11 12 13 14 15 16 | 16.5
Summonings     | 1 2 3 4 5 6 7 8 9 10 11 12 13 14 15 16 | 16.5
Necromancy     | 1 2 3 4 5 6 7 8 9 10 11 12 13 14 15 16 | 16.5
Translocations | 1 2 3 4 5 6 7 8 9 10 11 12 13 14 15 16 | 16.5
Transmutations | 1 2 3 4 5 6 7 8 9 10 11 12 13 14 15 16 | 16.5
Ice Magic      | 1 2 3 4 5 6 7 8 9 10 11 12 13 14 15 16 | 16.5
Air Magic      | 1 2 3 4 5 6 7 8 9 10 11 12 13 14 15 16 | 16.5
Earth Magic    | 1 2 3 4 5 6 7 8 9 10 11 12 13 14 15 16 | 16.5
Poison Magic   | 1 2 3 4 5 6 7 8 9 10 11 12 13 14 15 16 | 16.5
Fighting       | 3 4 5 6 7 8 9 10 11 12 13 14 15 16 17 18 19 | 19.5
Throwing       | 3 4 5 6 7 8 9 10 11 12 13 14 15 16 17 18 19 | 19.5
Stealth        | 3 4 5 6 7 8 9 10 11 12 14 15 16 17 18 19 20 22 24 | 24.2
Polearms       | 5 6 7 8 9 10 11 12 13 14 15 16 17 18 19 | 19.8
Fire Magic     | 8 9 10 11 12 13 14 15 16 17 | 17.8

Action                     |  1- 3 |  4- 6 |  7- 9 | 10-12 | 13-15 | 16-18 | 19-21 | 22-24 | 25-27 || total
---------------------------+-------+-------+-------+-------+-------+-------+-------+-------+-------++-------
  Melee: Spear             |   128 |    87 |       |       |       |       |       |       |       ||   215
         Punch             |     2 |     2 |       |       |       |       |       |       |       ||     4
         Bite              |     9 |     4 |    20 |    45 |   131 |   108 |   189 |   180 |   461 ||  1147
         Whip              |       |    29 |   101 |       |       |       |       |       |       ||   130
         Trident           |       |       |    31 |   273 |   900 |   242 |       |       |       ||  1446
         Demon trident     |       |       |       |       |       |   637 |   365 |   324 |     9 ||  1335
         Staff             |       |       |       |       |       |       |   671 |   506 |  2046 ||  3223
         Headbutt          |       |       |       |       |       |       |       |       |    47 ||    47
   Fire: Triple crossbow   |       |       |       |       |       |       |     6 |       |       ||     6
  Throw: Dart              |       |     2 |    11 |    14 |     5 |     1 |     3 |       |       ||    36
   Cast: Foxfire           |    18 |    11 |    11 |    15 |     2 |       |       |       |       ||    57
         Scorch            |     1 |    20 |    94 |    73 |    12 |     1 |       |       |       ||   201
         Sticky Flame      |       |       |       |    81 |   118 |    51 |    33 |     4 |     6 ||   293
         Freezing Cloud    |       |       |       |     4 |    70 |   185 |    42 |    13 |    30 ||   344
         Flame Wave        |       |       |       |     2 |       |       |       |       |       ||     2
         Fireball          |       |       |       |       |       |     3 |     7 |       |     4 ||    14
         Spellforged Servi |       |       |       |       |       |     2 |     3 |       |    12 ||    17
         Summon Cactus Gia |       |       |       |       |       |    30 |    38 |    15 |    37 ||   120
         Dispel Undead     |       |       |       |       |       |     3 |    20 |   214 |   113 ||   350
         Ignite Poison     |       |       |       |       |       |       |    46 |    20 |    38 ||   104
         Plasma Beam       |       |       |       |       |       |       |     2 |       |       ||     2
         Blink             |       |       |       |       |       |       |       |       |     6 ||     6
         Malign Gateway    |       |       |       |       |       |       |       |       |    10 ||    10
         Yara's Violent Un |       |       |       |       |       |       |       |       |     1 ||     1
Ability: Evoke the Staff o |       |       |       |       |       |       |    77 |    55 |   102 ||   234
  Evoke: Wand              |       |       |     7 |    16 |     4 |    32 |    23 |     4 |    21 ||   107
         Lightning rod     |       |       |       |     3 |     2 |       |       |       |       ||     5
         Sack of spiders   |       |       |       |       |     3 |     3 |     2 |     1 |     2 ||    11
         Phantom mirror    |       |       |       |       |       |     2 |       |       |     4 ||     6
    Use: Scroll            |       |    10 |     3 |    14 |     6 |    24 |    14 |     8 |    10 ||    89
         Potion            |       |       |       |     4 |       |    15 |     6 |     3 |    14 ||    42
   Stab: Sleeping          |    10 |     3 |     1 |     5 |    12 |     5 |    17 |    18 |    21 ||    92
         Paralysed         |       |       |    11 |     6 |       |    11 |     7 |       |       ||    35
         Distracted        |       |       |       |     4 |    20 |    14 |     7 |    15 |    34 ||    94
         Invisible         |       |       |       |     1 |       |       |       |       |     4 ||     5
         Confused          |       |       |       |       |       |       |       |       |     4 ||     4
 Armour: Robe              |    48 |    60 |    74 |    29 |       |       |       |       |       ||   211
         Troll leather arm |       |       |       |   148 |   172 |       |       |       |       ||   320
         Ring mail         |       |       |       |       |   173 |   469 |   425 |   151 |       ||  1218
         Swamp dragon scal |       |       |       |       |       |       |       |   115 |   627 ||   742
  Dodge: Dodged            |    49 |    61 |    55 |   186 |   375 |   447 |   550 |   427 |  1282 ||  3432
         Repelled          |       |       |       |     1 |     4 |    14 |     4 |       |       ||    23
  Block: Buckler           |       |    18 |    69 |   195 |   444 |   381 |   321 |       |       ||  1428
         Reflection        |       |     1 |     3 |     2 |    25 |    45 |    52 |    26 |    41 ||   195
         Kite shield       |       |       |       |       |       |       |   331 |   727 |  1710 ||  2768

Table legend: (Time is in decaauts)
 A = Elapsed time spent in this place.
 B = Non-inter-level travel time spent in this place.
 C = Inter-level travel time spent in this place.
 D = Time resting spent in this place.
 E = Time spent auto-exploring this place.
 F = Levels seen in this place.
 G = Mean time per level.
                   A        B        C        D        E       F      G
               +--------+--------+--------+--------+--------+-----+--------+
         Total |  89604 |  83602 |   6002 |  25459 |  34369 |  58 | 1544.9 |
       Dungeon |  18420 |  16811 |   1609 |   4300 |   8876 |  15 | 1228.0 |
          Lair |   7776 |   6651 |   1125 |   1294 |   3513 |   5 | 1555.2 |
        Shoals |   5331 |   5110 |    221 |   1417 |   2262 |   4 | 1332.8 |
   Spider Nest |   7232 |   6889 |    343 |   2271 |   3148 |   4 | 1808.0 |
  Orcish Mines |   2103 |   1754 |    349 |    354 |    861 |   2 | 1051.5 |
   Elven Halls |   5658 |   5392 |    266 |   1332 |   2020 |   3 | 1886.0 |
        Vaults |  13019 |  11859 |   1160 |   3435 |   4903 |   5 | 2603.8 |
         Crypt |   5735 |   5553 |    182 |   2063 |   2145 |   3 | 1911.7 |
        Depths |   6008 |   5632 |    376 |   1418 |   2775 |   4 | 1502.0 |
           Zot |  11230 |  10864 |    366 |   4411 |   3334 |   5 | 2246.0 |
         Abyss |   1332 |   1332 |      0 |    140 |      0 |   2 |  666.0 |
        Bazaar |    237 |    237 |      0 |      0 |    129 |   2 |  118.5 |
       Volcano |    274 |    274 |      0 |     62 |     78 |   1 |  274.0 |
        Wizlab |   1632 |   1632 |      0 |    902 |      0 |   1 | 1632.0 |
    Desolation |   3234 |   3234 |      0 |   1999 |    177 |   1 | 3234.0 |
      Gauntlet |    376 |    376 |      0 |     56 |    145 |   1 |  376.0 |
               +--------+--------+--------+--------+--------+-----+--------+

Top non-repeatable levels by time:
Vaults:3: 3571 daAuts
Desolation: 3234 daAuts
 Crypt:3: 3108 daAuts
   Zot:1: 2736 daAuts
   Zot:4: 2707 daAuts
Vaults:1: 2627 daAuts
Vaults:2: 2499 daAuts
Vaults:5: 2260 daAuts
Spider:1: 2158 daAuts
   Zot:5: 2149 daAuts
  Lair:5: 2098 daAuts
   Elf:1: 2087 daAuts
Vaults:4: 2059 daAuts
   Elf:3: 2021 daAuts
Spider:4: 1909 daAuts
